 Dungeon Crawl Stone Soup version 0.31.0-9-g3a7656b989 (webtiles) character file.

Game seed: 5394404111321645424

299 qw the Ducker (level 6, -3/30 HPs)
             Began as a Spriggan Hunter on Feb 2, 2024.
             Engulfed by a cloud of flame (20 damage)
             ... on level 3 of the Dungeon.
             The game lasted 00:00:08 (1883 turns).

qw the Ducker (Spriggan Hunter)                     Turns: 1883, Time: 00:00:08

Health: -3/30      AC:  2    Str:  7    XL:     6   Next: 13%
Magic:  7/7        EV: 23    Int: 10    God:
Gold:   277        SH:  0    Dex: 21    Spells: 5/5 levels left

rFire   . . .        a - +0 shortbow (heavy)
rCold   . . .        (shield currently unavailable)
rNeg    . . .        c - +0 robe
rPois   .            (helmet restricted)
rElec   .            (no cloak)
rCorr   .            (gloves unavailable)
SInv    +            (boots unavailable)
Will    +....        (no amulet)
Stlth   ++           (no ring)
HPRegen 0.25/turn    (no ring)
MPRegen 0.10/turn

%: no passive effects
@: very quick
A: very small, no large weapons, unfitting armour, see invisible, speed 3
a: no special abilities


You were on level 3 of the Dungeon.
You visited 1 branch of the dungeon, and saw 3 of its levels.

You collected 277 gold pieces.


Innate Abilities, Weirdness & Mutations

You are very small and have problems with some larger weapons.
You are too small for most types of armour.
You have supernaturally acute eyesight. (SInv)
You cover ground extremely quickly. (Speed+++)


   Skills:
 + Level 1.6 Fighting
 - Level 5.0 Ranged Weapons
 - Level 7.6 Dodging
 - Level 1.5 Stealth


You had 5 spell levels left.
You didn't know any spells.
Your spell library was empty.

Inventory:

Hand Weapons
 a - a +0 heavy shortbow (weapon)
Armour
 c - a +0 robe (worn)
Jewellery
 l - a ring of ice
Scrolls
 b - 2 scrolls of teleportation
Potions
 e - a potion of enlightenment
 f - a potion of mutation
 g - a potion of ambrosia
 h - a potion of cancellation {unknown}
 i - 2 potions of curing
 j - a potion of haste {unknown}

Dungeon Overview and Level Annotations

Branches:
Dungeon (3/15)

Altars:
Nemelex Xobeh
Vehumet
Wu Jian
Yredelemnul
The Shining One


Message History

Done exploring.
1779 ||| READING 2 scrolls of identify.
1779 ||| IDENTIFYING puce potion
As you read the scroll of identify, it crumbles to dust.
f - a potion of mutation Done exploring.
1780 ||| READING scroll of identify.
1780 ||| IDENTIFYING fuming cyan potion
As you read the scroll of identify, it crumbles to dust.
g - a potion of ambrosia Done exploring.
1781 ||| READING scroll labelled QOEN ALETIU.
As you read the scroll labelled QOEN ALETIU, it crumbles to dust.
A profound silence engulfs you.
It was a scroll of silence.
You start waiting.
Your hearing returns.
Done waiting.
Enter note:
Enter note:
Enter note:
Enter note:
Enter note:
Enter note:
Enter note:
Enter note:
Enter note:
Enter note:
Enter note:
Enter note:
Enter note:
Enter note:
Enter note:
Enter note: You are engulfed in blazing flames.
Enter note:
Enter note: You're standing in a cloud of flame!
You are engulfed in blazing flames.
Ouch! That really hurt!
You die...

...##### #.##...##
#.#.8.8.# #.#.._..#
######
#.#...8.###....###
#.#'...##........#
.).#####.#...00..##
.}..........0._...#
...#####.###..)0@.#
#.#'...### #.....=#
#.#...8.# ###.#..#
#.#.._..# #...##
#.#.8.8.# #.###
#.##...## #.#
...##### #.# ..##
#.### #<#
.#####.#.## #.#


There were no monsters in sight!

Vanquished Creatures
  Grinder (D:3)
  An adder (D:2)
  2 dart slugs (D:3)
  A ribbon worm (D:3)
  An orc (D:2)
  11 endoplasms
  A giant cockroach (D:1)
  12 goblins
  5 hobgoblins
  2 jackals (D:1)
  3 quokkas
  3 ball pythons (D:1)
  9 bats
  5 frilled lizards
  9 kobolds
  7 rats
73 creatures vanquished.

Vanquished Creatures (others)
  An endoplasm (D:3)
1 creature vanquished.

Grand Total: 74 creatures vanquished

Notes
Turn   | Place    | Note
-------+----------+-------------------------------------------
     0 | D:1      | qw the Spriggan Hunter began the quest for the Orb.
     0 | D:1      | Reached XP level 1. HP: 10/10 MP: 2/2
     0 | D:1      | 0 ||| qw: Version: 0.3-a-155-g5e7d8dd
     0 | D:1      | 0 ||| qw: Game counter: 1300
     0 | D:1      | 0 ||| qw: Melee chars always use a shield: true
     0 | D:1      | 0 ||| qw: God list: Okawaru
     0 | D:1      | 0 ||| qw: Allow faded altars: false
     0 | D:1      | 0 ||| qw: Do Orc after clearing Dungeon:15 true
     0 | D:1      | 0 ||| qw: Do second Lair branch before Depths: true
     0 | D:1      | 0 ||| qw: Lair rune preference: random
     0 | D:1      | 0 ||| qw: Goals: Normal
     0 | D:1      | 0 ||| PLANNING D:1-11
    35 | D:1      | Reached skill level 3 in Dodging
   107 | D:1      | Reached XP level 2. HP: 14/14 MP: 3/3
   148 | D:1      | Reached skill level 4 in Dodging
   309 | D:1      | Reached XP level 3. HP: 18/18 MP: 4/4
   496 | D:1      | 496 ||| READING scroll labelled XEQOMOC GODWUIKEI.
   497 | D:1      | 497 ||| READING scroll labelled YPSAIPPE PALO.
   498 | D:1      | 498 ||| READING scroll labelled DAITAJ WED.
   498 | D:1      | 498 ||| BRANDING +0 shortbow.
   499 | D:1      | 499 ||| READING scroll labelled QEACLI WAAREGG.
   500 | D:1      | 500 ||| READING scroll labelled JOTAJU PAJIMO.
   501 | D:1      | 501 ||| READING scroll labelled BYMOUBBU YRCHUE.
   506 | D:1      | 506 ||| READING scroll labelled BUOG DUITUPHE.
   506 | D:1      | 506 ||| IDENTIFYING golden potion
   507 | D:1      | 507 ||| DROPPING scroll of butterflies.
   756 | D:2      | Found a faded altar of an unknown god.
   764 | D:2      | Reached XP level 4. HP: 22/22 MP: 5/5
   973 | D:2      | 973 ||| READING scroll labelled XYEWOAHEYP.
   974 | D:2      | 974 ||| READING scroll labelled CYBOECI XOWA.
  1315 | D:3      | Noticed Grinder
  1319 | D:3      | Paralysed by Grinder for 3 turns
  1328 | D:3      | 1328 ||| FLEEEEING.
  1330 | D:3      | 1330 ||| FLEEEEING.
  1331 | D:3      | 1331 ||| FLEEEEING.
  1333 | D:3      | 1333 ||| FLEEEEING.
  1334 | D:3      | 1334 ||| FLEEEEING.
  1348 | D:3      | Killed Grinder
  1349 | D:3      | Reached skill level 7 in Dodging
  1349 | D:3      | Reached XP level 5. HP: 17/25 MP: 6/6
  1349 | D:3      | Reached XP level 6. HP: 20/30 MP: 7/7
  1418 | D:3      | Found a sparkling altar of Nemelex Xobeh.
  1421 | D:3      | Found an ornate altar of the Wu Jian Council.
  1424 | D:3      | Found a basalt altar of Yredelemnul.
  1440 | D:3      | Found a glowing golden altar of the Shining One.
  1658 | D:3      | Found a radiant altar of Vehumet.
  1777 | D:3      | 1777 ||| DROPPING ring of magical power.
  1778 | D:3      | 1778 ||| READING 3 scrolls of identify.
  1778 | D:3      | 1778 ||| IDENTIFYING coppery potion
  1779 | D:3      | 1779 ||| READING 2 scrolls of identify.
  1779 | D:3      | 1779 ||| IDENTIFYING puce potion
  1780 | D:3      | 1780 ||| READING scroll of identify.
  1780 | D:3      | 1780 ||| IDENTIFYING fuming cyan potion
  1781 | D:3      | 1781 ||| READING scroll labelled QOEN ALETIU.
  1883 | D:3      | Engulfed by a cloud of flame

Levels and vault maps discovered:
D:1:      psy_arrival_basics, layout_basic,
          nicolae_concentric_dashed_squares_wild, kennysheep_flooded_box
D:2:      cheibrodos_greedy_goblins, layout_rooms,
          shapermc_ecumenical_altar_mp_highgroup
D:3:      layout_loops_ring, fiery_altar_vehumet,
          grunt_temple_overflow_cloverleaf, eino_tiny_chamber, uniq_grinder

Skill      XL: |  1  2  3  4 |
---------------+-------------+-----
Dodging        | 3 4 7 |  7.6
Ranged Weapons | 5 |  5.0
Fighting       | |  1.6
Stealth        | |  1.5

Action                     |  1- 3 |  4- 6 || total
---------------------------+-------+-------++-------
   Fire: Shortbow          |    97 |    57 ||   154
    Use: Scroll            |     7 |     6 ||    13
 Armour: Robe              |     4 |    11 ||    15
  Dodge: Dodged            |    31 |    22 ||    53

Table legend:
 A = Non-vault XP
 B = Vault XP
 C = Vault XP percentage of total XP
 D = Non-vault monster count
 E = Vault monster count
 F = Vault count percentage of total count
                 A         B        C        D         E       F
            +---------+---------+-------+---------+---------+-------
      Total |     122 |     306 |  71.5 |      63 |      10 |  13.7
            +---------+---------+-------+---------+---------+-------
        D:1 |      50 |       0 |   0.0 |      30 |       0 |   0.0
        D:2 |      41 |      16 |  28.1 |      17 |       9 |  34.6
        D:3 |      31 |     290 |  90.3 |      16 |       1 |   5.9
            +---------+---------+-------+---------+---------+-------
